AoeStats
← Alexis

Arena

510006207Analyzed
1v1 RM · 4d ago on Sep 29, 2026· 118m 50s· 2 players
Game mode
Random Map
Map size
Tiny (2 player)
Population
200
Speed
Normal
Resources
Standard
Victory
Conquest
Starting age
Dark Age
Ending age
Imperial Age
RankedLock teamsTeams togetherTeam positionsShared explorationLock speedFull tech treeHidden civsTurbo modeCheats
Victory
Defeat
🇨🇱 Saxons · Chile
752
+17
🇺🇸 Celts · United States
777
-17
Alexis
11:58 Feudal Age
13:14 Double-Bit Axe
16:11 Castle Age
18:56 Pikeman
19:31 Fletching
21:26 Loom
23:03 Horse Collar
31:02 Imperial Age
29:34 Bodkin Arrow
30:03 Heavy Plow
32:15 Bracer
33:04 Padded Archer Armor
32:54 Town Watch
34:53 Chemistry
34:14 Ballistics
35:06 Arrowslits
37:25 Wheelbarrow
37:05 Cranequins
37:57 Thumb Ring
38:28 Leather Archer Armor
41:57 Siege Engineers
43:15 Heavy Mounted Crossbowman
47:01 Hoardings
46:29 Capped Ram
47:14 Murder Holes
47:52 Ring Archer Armor
47:34 Forging
52:09 Onager
52:44 Cavalier
55:24 Fortified Wall
55:05 Guard Tower
55:53 Iron Casting
55:19 Scale Mail Armor
56:44 Husbandry
57:16 Hand Cart
57:20 Bow Saw
57:43 Crop Rotation
57:52 Keep
59:01 Chain Mail Armor
58:52 Scale Barding Armor
58:57 Town Patrol
61:19 Elite Skirmisher
65:58 Halberdier
68:35 Masonry
68:58 Plate Mail Armor
71:04 Siege Ram
Rossayyyy
1:03 Loom
10:19 Feudal Age
17:08 Castle Age
15:30 Double-Bit Axe
15:28 Horse Collar
19:58 Wheelbarrow
20:03 Gold Mining
20:54 Town Watch
21:40 Fervor
23:07 Man-at-Arms
23:32 Gambesons
23:09 Pikeman
23:43 Arson
25:31 Stone Mining
28:35 Bow Saw
28:41 Heavy Plow
28:10 Long Swordsman
30:38 Stone Shaft Mining
30:38 Gold Shaft Mining
31:15 Fletching
31:25 Padded Archer Armor
31:36 Forging
31:27 Scale Mail Armor
31:33 Scale Barding Armor
34:35 Imperial Age
33:14 Bodkin Arrow
35:13 Fortified Wall
34:59 Murder Holes
35:15 Masonry
36:21 Chemistry
35:50 Ballistics
35:36 Siege Engineers
36:33 Hoardings
36:57 Chain Mail Armor
37:18 Iron Casting
37:24 Conscription
37:34 Stronghold
37:22 Capped Ram
37:30 Onager
41:35 Elite Woad Raider
45:31 Furor Celtica
44:46 Siege Ram
46:20 Hand Cart
46:06 Town Patrol
46:38 Two-Handed Swordsman
49:15 Champion
50:48 Plate Mail Armor
51:19 Blast Furnace
51:54 Chain Barding Armor
55:31 Cavalier
56:12 Husbandry
55:34 Light Cavalry
55:52 Elite Skirmisher
56:25 Halberdier
56:49 Halberdier
59:21 Leather Archer Armor
72:11 Ring Archer Armor
72:55 Siege Onager
92:05 Hussar
Connection lost

Rejoining the realm…

Still unreachable

The connection could not be restored.

Session expired

The server has moved on; the page needs a fresh start.